 Dungeon Crawl Stone Soup version 0.25.0-46-gbd7b0854d2 (webtiles) character file.

Game seed: 18187980087408316197

10947 protoss039 the Thaumaturge (level 11, -4/68 HPs)
             Began as a Deep Elf Earth Elementalist on July 14, 2020.
             Was a Priest of Vehumet.
             Shot with a bolt by a yaktaur (20 damage)
             ... on level 11 of the Dungeon.
             The game lasted 00:46:15 (14043 turns).

protoss039 the Thaumaturge (DEEE)                  Turns: 14043, Time: 00:46:16

Health: -4/68      AC:  9    Str:  4 (5)  XL:     11   Next: 42%
Magic:  16/31      EV:  7    Int: 21 (24) God:    Vehumet [***...]
Gold:   595        SH:  0    Dex: 13 (15) Spells: 3/38 levels left

rFire    + + .     SeeInvis .   f - +2 dagger (freeze)
rCold    . . .     Gourm    .   (no shield)
rNeg     . . .     Faith    .   k - +1 robe {rF+}
rPois    .         Spirit   .   J - +0 helmet
rElec    .         Reflect  .   E - +0 cloak
rCorr    +         Harm     .   o - +2 pair of gloves
MR       +....                  K - +0 pair of boots
Stlth    ++........             (no amulet)
HPRegen  0.21/turn              c - ring of protection from fire
MPRegen  0.22/turn              M - ring of resist corrosion

@: held
A: no striking features
a: Renounce Religion


You were on level 11 of the Dungeon.
You worshipped Vehumet.
Vehumet was most pleased with you.
You were not hungry.

You visited 2 branches of the dungeon, and saw 12 of its levels.

You collected 595 gold pieces.

Inventory:

Hand Weapons
 f - a +2 dagger of freezing (weapon)
Missiles
 b - 231 stones (quivered)
Armour
 k - a +1 robe of fire resistance (worn)
 o - a +2 pair of gloves (worn)
 E - a +0 cloak (worn)
 G - +0 swamp dragon scales
 J - a +0 helmet (worn)
 K - a +0 pair of boots (worn)
Jewellery
 c - a ring of protection from fire (left hand)
 M - a ring of resist corrosion (right hand)
Wands
 n - a wand of iceblast (10)
 H - a wand of paralysis (17)
 L - a wand of acid (9)
 N - a wand of flame (19)
Scrolls
 a - 8 scrolls of remove curse
 g - 4 scrolls of teleportation {unknown}
 i - 2 scrolls of enchant armour
 l - 4 scrolls of noise {unknown}
 p - a scroll of fog
 r - 2 scrolls of magic mapping {unknown}
 s - 3 scrolls of fear
 t - 2 scrolls of amnesia {unknown}
 y - 2 scrolls of blinking {unknown}
 A - 2 scrolls of enchant weapon {unknown}
 B - a scroll of immolation
 D - 2 scrolls of acquirement {unknown}
Potions
 e - 3 potions of heal wounds {unknown}
 h - 7 potions of curing
 j - 2 potions of berserk rage {unknown}
 m - 2 potions of magic
 q - 2 potions of stabbing {unknown}
 u - 2 potions of haste {unknown}
 v - a potion of mutation {unknown}
 w - 2 potions of degeneration
 z - 2 potions of brilliance {unknown}
 C - a potion of cancellation {unknown}
 F - 2 potions of might {unknown}
 I - a potion of flight {unknown}
 O - a potion of resistance {unknown}
Comestibles
 d - 19 rations
 P - 7 chunks of flesh


   Skills:
 - Level 8.0 Fighting
 - Level 3.0 Dodging
 - Level 3.0 Stealth
 + Level 14.2 Spellcasting
 - Level 4.0 Conjurations
 * Level 1.8 Hexes
 * Level 1.4 Summonings
 - Level 4.0 Transmutations
 - Level 10.2 Earth Magic


You had 3 spell levels left.
You knew the following spells:

 Your Spells              Type           Power        Failure   Level  Hunger
a - Sandblast             Erth           ######       1%          1    None
b - Passwall              Tmut/Erth      #####...     1%          2    None
c - Stone Arrow           Conj/Erth      #####.       1%          3    None
d - Petrify               Tmut/Erth      #####...     2%          4    None
e - Lee's Rapid Deconstr  Erth           ######....   1%          5    ###....
f - Ensorcelled Hibernat  Hex/Ice        ###...       4%          2    None
g - Tukima's Dance        Hex            ###.....     6%          3    None
h - Foxfire               Conj/Fire      ###.         1%          1    None
i - Spellforged Servitor  Conj/Summ      ####......   94%         7    ######.
j - Orb of Destruction    Conj           ####......   83%         7    ######.

Your spell library contained the following spells:

 Spells                   Type           Power        Failure   Level  Hunger
 Searing Ray              Conj           ####..       1%          2    None
 Corona                   Hex            ###....      1%          1    None
 Dazzling Flash           Conj/Hex       ####..       1%          3    None
 Summon Small Mammal      Summ           ###.         2%          1    None
 Call Imp                 Summ           ###.....     3%          2    None
 Animate Skeleton         Necr           N/A          4%          1    None
 Apportation              Tloc           ##....       4%          1    None
 Confusing Touch          Hex            ###.....     6%          3    None
 Summon Guardian Golem    Hex/Summ       ###.....     6%          3    None
 Call Canine Familiar     Summ           ###.....     7%          3    None
 Gell's Gravitas          Tloc           ##........   13%         3    None
 Bolt of Magma            Conj/Fire/Erth ####......   4%          5    ###....
 Yara's Violent Unravell  Hex/Tmut       ####......   10%         5    ###....
 Iron Shot                Conj/Erth      #####.....   10%         6    #####..
 Iskenderun's Battlesphe  Conj/Chrm      ###.....     13%         5    ###....
 Summon Ice Beast         Ice/Summ       ###.....     30%         4    None
 Summon Lightning Spire   Summ/Air       ###.....     30%         4    None
 Metabolic Englaciation   Hex/Ice        ###.......   63%         5    ###....


Dungeon Overview and Level Annotations

Branches:
Dungeon (11/15)            Temple (1/1) D:5            Lair (0/6) D:11
    Orc (0/2) D:11

Altars:
Ashenzari
Cheibriados
Dithmenos
Elyvilon
Fedhas
Gozag
Hepliaklqana
Kikubaaqudgha
Makhleb
Nemelex Xobeh
Okawaru
Qazlal
Ru
Sif Muna
Trog
Uskayaw
Vehumet
Wu Jian
Xom
Yredelemnul
Zin
The Shining One

Shops:
D:5 !   D:7 *

Annotations:
D:3 1 exclusion


Message History

Confirm with . or Enter, or press ? or * to list all spells.
Aiming: Stone Arrow (safe; 1% risk of failure)
Press: ? - help, Shift-Dir - straight line, f/p - gnoll
Aim: a gnoll, wielding a +0 club (heavily wounded)
Okay, then.
Casting: Stone Arrow (safe; 1% risk of failure)
Confirm with . or Enter, or press ? or * to list all spells.
Aiming: Lee's Rapid Deconstruction (dangerous; 1% risk of failure)
Press: ? - help, Dir - move target cursor, p - gnoll A stone wall.
The wall shatters!
The blast of rock fragments hits the gnoll!!
You kill the gnoll!
Vehumet accepts your kill.
You feel your power returning.
You hear a shout!
You hear a bellow! x3
A yaktaur comes into view.
It was a potion of curing.
You feel better.
The yaktaur wields a +0 arbalest.
The yaktaur shoots a bolt.
The bolt hits you!!
You die...

...............# .#.# .........
.........÷.....+ .#.# .........
...............# .#.# .........
...............###'#.# .........
.....................# .........
≈≈≈...[.....†.††..(..# .........
..≈≈...(...#####.....# ........#
##.≈≈......# #...(.# ........#
#.≈≈......#+#'#@....############
#.≈≈......'...#).....(..<.......
#.Y≈≈.....#...#((....(........##
#YY≈≈.....#####.).............#
..cy≈......)..†((.......########
.≈.≈≈)#####.............# y≈≈≈..
+.............# ≈≈≈≈..
#...c.........# ≈≈≈≈≈.
......c........#


You could see a yaktaur.

Vanquished Creatures
  2 two-headed ogres (D:10)
  A deep elf mage (D:9)
  A cyclops (D:11)
  Maggie (D:8)
  A kobold demonologist (D:11)
  2 yaktaurs (D:11)
  2 trolls (D:9)
  2 hippogriffs
  A shadow (D:11)
  6 yaks (D:11)
  A vampire (D:10)
  Eustachio (D:4)
  A wyvern (D:6)
  2 hungry ghosts
  3 wargs (D:11)
  2 water moccasins (D:10)
  A porcupine (D:11)
  4 ice beasts
  A sky beast (D:9)
  2 black bears (D:11)
  4 orc warriors
  4 centaurs
  3 ogres
  2 phantoms (D:4)
  A crocodile (D:11)
  2 bullfrogs (D:6)
  A scorpion (D:8)
  10 killer bees (D:11)
  4 bullfrog zombies
  4 crimson imps
  2 centaur zombies
  8 orc priests
  3 hounds
  9 jellies
  A gnoll shaman (D:6)
  3 bullfrog skeletons
  3 iguanas
  A hell rat (D:7)
  7 worker ants
  9 orc wizards
  A hound zombie (D:9)
  A hound skeleton (D:7)
  A worker ant zombie (D:6)
  12 adders
  14 gnolls
  9 river rats (D:7)
  5 shadow imps
  7 oozes
  3 dart slugs
  8 leopard geckos
  44 orcs
  8 bats
  7 giant cockroaches
  8 hobgoblins
  15 jackals
  9 kobolds
  13 quokkas
  4 ball pythons
  6 frilled lizards
  9 goblins
  A leopard gecko skeleton (D:4)
  A quokka skeleton (D:4)
  22 rats
326 creatures vanquished.

Vanquished Creatures (collateral kills)
  An orc warrior (D:10)
  A quasit (D:10)
2 creatures vanquished.

Vanquished Creatures (others)
  14 foxfires
  26 fungi (D:11)
  3 plants (D:11)
43 creatures vanquished.

Grand Total: 371 creatures vanquished

Notes
Turn   | Place    | Note
-------+----------+-------------------------------------------
     0 | D:1      | protoss039 the Deep Elf Earth Elementalist began the quest
                  | for the Orb.
     0 | D:1      | Reached XP level 1. HP: 10/10 MP: 6/6
   101 | D:1      | Reached XP level 2. HP: 12/15 MP: 4/8
  1128 | D:1      | Reached XP level 3. HP: 19/19 MP: 8/10
  1524 | D:1      | Learned a level 2 spell: Passwall
  1528 | D:1      | Learned a level 3 spell: Stone Arrow
  1671 | D:2      | Reached skill level 4 in Spellcasting
  1778 | D:2      | Reached XP level 4. HP: 16/24 MP: 7/12
  2062 | D:2      | Found a shimmering blue altar of Sif Muna.
  2307 | D:3      | Learned a level 4 spell: Petrify
  2470 | D:3      | Found an iron altar of Okawaru.
  2652 | D:3      | Reached skill level 5 in Spellcasting
  2653 | D:3      | Reached XP level 5. HP: 25/28 MP: 9/14
  2849 | D:3      | Found a shadowy altar of Dithmenos.
  3086 | D:4      | Noticed a phantom
  3225 | D:4      | Noticed Eustachio
  3233 | D:4      | Killed Eustachio
  3233 | D:4      | Reached skill level 6 in Spellcasting
  3233 | D:4      | Reached skill level 1 in Conjurations
  3233 | D:4      | Reached skill level 5 in Earth Magic
  3233 | D:4      | Reached XP level 6. HP: 23/33 MP: 4/17
  3328 | D:4      | Found a white marble altar of Elyvilon.
  3687 | D:4      | Reached skill level 7 in Spellcasting
  3944 | D:4      | Reached XP level 7. HP: 37/37 MP: 16/19
  4457 | D:4      | Reached skill level 8 in Spellcasting
  4699 | D:4      | Found a shattered altar of Ashenzari.
  4915 | D:4      | Learned a level 5 spell: Lee's Rapid Deconstruction
  4918 | D:4      | Learned a level 2 spell: Ensorcelled Hibernation
  4922 | D:4      | Learned a level 3 spell: Tukima's Dance
  4923 | D:5      | Entered Level 5 of the Dungeon
  5225 | D:5      | Reached XP level 8. HP: 42/42 MP: 14/22
  5319 | D:5      | Reached skill level 9 in Spellcasting
  5333 | D:5      | Found Oclemyqe's Distillery.
  5511 | D:5      | Found a staircase to the Ecumenical Temple.
  5584 | Temple   | Entered the Ecumenical Temple
  6210 | D:6      | Reached skill level 1 in Fighting
  6619 | D:6      | Reached skill level 10 in Spellcasting
  7397 | D:6      | Reached XP level 9. HP: 42/48 MP: 19/25
  7697 | D:7      | Reached skill level 11 in Spellcasting
  7795 | D:7      | Found Gozag's Platinum Reserve.
  7797 | D:7      | Found an opulent altar of Gozag.
  7872 | D:7      | Found a radiant altar of Vehumet.
  7905 | D:7      | Became a worshipper of Vehumet
  7971 | D:7      | Found a glowing golden altar of the Shining One.
  8565 | D:7      | Reached * piety under Vehumet
  8565 | D:7      | Offered knowledge of Foxfire by Vehumet.
  8910 | D:7      | Learned a level 1 spell: Foxfire
  9198 | D:8      | Noticed Maggie
  9204 | D:8      | Killed Maggie
  9204 | D:8      | Reached skill level 12 in Spellcasting
  9216 | D:8      | Noticed a two-headed ogre
  9352 | D:8      | Reached skill level 5 in Fighting
  9498 | D:8      | Found a snail-covered altar of Cheibriados.
  9823 | D:9      | Noticed a troll
  9825 | D:9      | Killed a troll
  9918 | D:9      | Found a blossoming altar of Fedhas.
 10076 | D:9      | Noticed a troll
 10086 | D:9      | Killed a troll
 10086 | D:9      | Reached XP level 10. HP: 60/60 MP: 19/28
 10434 | D:9      | Reached ** piety under Vehumet
 10434 | D:9      | Offered knowledge of Shock by Vehumet.
 10816 | D:9      | Noticed a deep elf mage
 10819 | D:9      | Killed a deep elf mage
 11143 | D:10     | Entered Level 10 of the Dungeon
 11322 | D:10     | Noticed a two-headed ogre
 11328 | D:10     | Killed a two-headed ogre
 11704 | D:10     | Learned a level 7 spell: Spellforged Servitor
 11953 | D:10     | Noticed a two-headed ogre
 11977 | D:10     | Killed a two-headed ogre
 11977 | D:10     | Reached skill level 13 in Spellcasting
 12877 | D:11     | Found a staircase to the Orcish Mines.
 12881 | D:11     | Offered knowledge of Searing Ray by Vehumet.
 12892 | D:11     | Reached XP level 11. HP: 53/68 MP: 8/30
 13237 | D:11     | Reached skill level 10 in Earth Magic
 13601 | D:11     | Reached *** piety under Vehumet
 13689 | D:11     | Noticed a brown ugly thing
 13812 | D:10     | Learned a level 7 spell: Orb of Destruction
 13830 | D:11     | Found a staircase to the Lair.
 13874 | D:11     | Reached skill level 14 in Spellcasting
 14001 | D:11     | Noticed a death yak
 14002 | D:11     | Noticed a death yak
 14003 | D:11     | Reached skill level 1 in Hexes
 14003 | D:11     | Reached skill level 1 in Summonings
 14043 | D:11     | Shot with a bolt by a yaktaur

Illustrated notes

Levels and vault maps discovered:
D:1:      dpeg_arrival_refuge, layout_basic
D:2:      layout_basic, first_ration, led_sif_pool
D:3:      layout_loops_cross, okawaru_ov_weapons_minmay, dk_noncrumbling_3,
          grunt_dithmenos_smoke
D:4:      layout_basic, evilmike_ruin_ashenzari, elyvilon_altar_4,
          uniq_eustachio
D:5:      layout_basic, temple_doors_e, serial_shops, shop, portal_sewer_entry_b
D:6:      layout_loops_corners, serial_rivers, chequers_serial_rivers_micro_a,
          chequers_serial_rivers_room_a, chequers_serial_rivers_micro_e,
          chequers_serial_rivers_micro_c, kennysheep_generic_room_16
D:7:      lemuel_ratsnest, layout_rooms, nicolae_gozag_zags_fifth_avenue,
          marbit_many_paths, lemuel_doored_altar, minmay_misc_feat_iff
D:8:      layout_rooms, hangedman_little_slice_of_home, cheibriados_altar_1,
          uniq_maggie
D:9:      layout_stronghold, fedhas_bush_and_centaur_altar
D:10:     layout_basic
D:11:     fort_yaktaur, layout_irregular_city, due_lair_maze_entry_diamond,
          minmay_orc_entry_guard_dogs
Temple:   regret_index_temple_generic_petals

Skill      XL: |  1  2  3  4  5  6  7  8  9 10 11 |
---------------+----------------------------------+-----
Dodging        | 3 |  3.0
Earth Magic    | 4 5 6 7 8 9 10 | 10.2
Spellcasting   | 4 5 6 7 8 10 12 13 14 | 14.2
Stealth        | 3 |  3.0
Conjurations   | 1 3 4 |  4.0
Transmutations | 2 3 4 |  4.0
Fighting       | 2 6 7 8 |  8.0
Hexes          | 1 |  1.8
Summonings     | 1 |  1.4

Action                   |  1- 3 |  4- 6 |  7- 9 | 10-12 || total
-------------------------+-------+-------+-------+-------++-------
Melee: Unarmed           |    16 |       |       |       ||    16
       Dagger            |    13 |    50 |    31 |     2 ||    96
 Cast: Sandblast         |    50 |    27 |    55 |    38 ||   170
       Stone Arrow       |       |    15 |   156 |   101 ||   272
       Passwall          |       |       |     1 |       ||     1
       Lee's Rapid Decon |       |       |    11 |    31 ||    42
       Foxfire           |       |       |     7 |     3 ||    10
       Petrify           |       |       |     1 |     2 ||     3
       Tukima's Dance    |       |       |       |     9 ||     9
       Ensorcelled Hiber |       |       |       |     1 ||     1
  Use: Scroll            |       |       |     6 |       ||     6
       Potion            |       |       |       |     4 ||     4
 Stab: Sleeping          |     1 |    10 |     1 |       ||    12
  Eat: Chunk             |     3 |     4 |    17 |    14 ||    38
       Ration            |       |     1 |       |     1 ||     2
Armor: Robe              |    17 |    12 |    10 |    22 ||    61
Dodge: Dodged            |    48 |    36 |    43 |    54 ||   181
